%YAML 1.1
%TAG !u! tag:unity3d.com,2011:
--- !u!1 &2084451626427706524
GameObject:
  m_ObjectHideFlags: 0
  m_CorrespondingSourceObject: {fileID: 0}
  m_PrefabInstance: {fileID: 0}
  m_PrefabAsset: {fileID: 0}
  serializedVersion: 6
  m_Component:
  - component: {fileID: 81961424187899407}
  m_Layer: 0
  m_Name: Level_2
  m_TagString: Untagged
  m_Icon: {fileID: 0}
  m_NavMeshLayer: 0
  m_StaticEditorFlags: 0
  m_IsActive: 1
--- !u!4 &81961424187899407
Transform:
  m_ObjectHideFlags: 0
  m_CorrespondingSourceObject: {fileID: 0}
  m_PrefabInstance: {fileID: 0}
  m_PrefabAsset: {fileID: 0}
  m_GameObject: {fileID: 2084451626427706524}
  m_LocalRotation: {x: 0, y: 0, z: 0, w: 1}
  m_LocalPosition: {x: 0, y: 0, z: 0}
  m_LocalScale: {x: 1, y: 1, z: 1}
  m_Children:
  - {fileID: 8425997064164771106}
  - {fileID: 1215535939952744080}
  - {fileID: 3600193727344081677}
  - {fileID: 1847714639663589024}
  - {fileID: 2257075779858437153}
  m_Father: {fileID: 0}
  m_RootOrder: 0
  m_LocalEulerAnglesHint: {x: 0, y: 0, z: 0}
--- !u!114 &4053992552181274456
MonoBehaviour:
  m_ObjectHideFlags: 0
  m_CorrespondingSourceObject: {fileID: 0}
  m_PrefabInstance: {fileID: 0}
  m_PrefabAsset: {fileID: 0}
  m_GameObject: {fileID: 2671516714507775545}
  m_Enabled: 1
  m_EditorHideFlags: 0
  m_Script: {fileID: 11500000, guid: 4efa13d1c5784b943806b0538c1fd14b, type: 3}
  m_Name: 
  m_EditorClassIdentifier: 
--- !u!114 &4053992551343334218
MonoBehaviour:
  m_ObjectHideFlags: 0
  m_CorrespondingSourceObject: {fileID: 0}
  m_PrefabInstance: {fileID: 0}
  m_PrefabAsset: {fileID: 0}
  m_GameObject: {fileID: 4693444176264379787}
  m_Enabled: 1
  m_EditorHideFlags: 0
  m_Script: {fileID: 11500000, guid: 4efa13d1c5784b943806b0538c1fd14b, type: 3}
  m_Name: 
  m_EditorClassIdentifier: 
--- !u!1001 &35789158528901998
PrefabInstance:
  m_ObjectHideFlags: 0
  serializedVersion: 2
  m_Modification:
    m_TransformParent: {fileID: 81961424187899407}
    m_Modifications:
    - target: {fileID: 5814771983812739405, guid: ecdfeafcd625af941959048c9dfd1bed,
        type: 3}
      propertyPath: m_Name
      value: BollKill
      objectReference: {fileID: 0}
    - target: {fileID: 3569475516442482787, guid: ecdfeafcd625af941959048c9dfd1bed,
        type: 3}
      propertyPath: m_LocalPosition.x
      value: 0.17000008
      objectReference: {fileID: 0}
    - target: {fileID: 3569475516442482787, guid: ecdfeafcd625af941959048c9dfd1bed,
        type: 3}
      propertyPath: m_LocalPosition.y
      value: 0.43
      objectReference: {fileID: 0}
    - target: {fileID: 3569475516442482787, guid: ecdfeafcd625af941959048c9dfd1bed,
        type: 3}
      propertyPath: m_LocalPosition.z
      value: -3.967629
      objectReference: {fileID: 0}
    - target: {fileID: 3569475516442482787, guid: ecdfeafcd625af941959048c9dfd1bed,
        type: 3}
      propertyPath: m_LocalRotation.x
      value: 0
      objectReference: {fileID: 0}
    - target: {fileID: 3569475516442482787, guid: ecdfeafcd625af941959048c9dfd1bed,
        type: 3}
      propertyPath: m_LocalRotation.y
      value: 0
      objectReference: {fileID: 0}
    - target: {fileID: 3569475516442482787, guid: ecdfeafcd625af941959048c9dfd1bed,
        type: 3}
      propertyPath: m_LocalRotation.z
      value: 0
      objectReference: {fileID: 0}
    - target: {fileID: 3569475516442482787, guid: ecdfeafcd625af941959048c9dfd1bed,
        type: 3}
      propertyPath: m_LocalRotation.w
      value: 1
      objectReference: {fileID: 0}
    - target: {fileID: 3569475516442482787, guid: ecdfeafcd625af941959048c9dfd1bed,
        type: 3}
      propertyPath: m_RootOrder
      value: 2
      objectReference: {fileID: 0}
    - target: {fileID: 3569475516442482787, guid: ecdfeafcd625af941959048c9dfd1bed,
        type: 3}
      propertyPath: m_LocalEulerAnglesHint.x
      value: 0
      objectReference: {fileID: 0}
    - target: {fileID: 3569475516442482787, guid: ecdfeafcd625af941959048c9dfd1bed,
        type: 3}
      propertyPath: m_LocalEulerAnglesHint.y
      value: 0
      objectReference: {fileID: 0}
    - target: {fileID: 3569475516442482787, guid: ecdfeafcd625af941959048c9dfd1bed,
        type: 3}
      propertyPath: m_LocalEulerAnglesHint.z
      value: 0
      objectReference: {fileID: 0}
    - target: {fileID: 3569475516442482787, guid: ecdfeafcd625af941959048c9dfd1bed,
        type: 3}
      propertyPath: m_LocalScale.x
      value: 1.5561364
      objectReference: {fileID: 0}
    - target: {fileID: 3569475516442482787, guid: ecdfeafcd625af941959048c9dfd1bed,
        type: 3}
      propertyPath: m_LocalScale.y
      value: 1.5561364
      objectReference: {fileID: 0}
    - target: {fileID: 3569475516442482787, guid: ecdfeafcd625af941959048c9dfd1bed,
        type: 3}
      propertyPath: m_LocalScale.z
      value: 1.5561364
      objectReference: {fileID: 0}
    m_RemovedComponents: []
  m_SourcePrefab: {fileID: 100100000, guid: ecdfeafcd625af941959048c9dfd1bed, type: 3}
--- !u!4 &3600193727344081677 stripped
Transform:
  m_CorrespondingSourceObject: {fileID: 3569475516442482787, guid: ecdfeafcd625af941959048c9dfd1bed,
    type: 3}
  m_PrefabInstance: {fileID: 35789158528901998}
  m_PrefabAsset: {fileID: 0}
--- !u!1001 &2895029229243465411
PrefabInstance:
  m_ObjectHideFlags: 0
  serializedVersion: 2
  m_Modification:
    m_TransformParent: {fileID: 81961424187899407}
    m_Modifications:
    - target: {fileID: 5814771983812739405, guid: ecdfeafcd625af941959048c9dfd1bed,
        type: 3}
      propertyPath: m_Name
      value: BollKill (1)
      objectReference: {fileID: 0}
    - target: {fileID: 3569475516442482787, guid: ecdfeafcd625af941959048c9dfd1bed,
        type: 3}
      propertyPath: m_LocalPosition.x
      value: 0.17000008
      objectReference: {fileID: 0}
    - target: {fileID: 3569475516442482787, guid: ecdfeafcd625af941959048c9dfd1bed,
        type: 3}
      propertyPath: m_LocalPosition.y
      value: 1.9300001
      objectReference: {fileID: 0}
    - target: {fileID: 3569475516442482787, guid: ecdfeafcd625af941959048c9dfd1bed,
        type: 3}
      propertyPath: m_LocalPosition.z
      value: -3.967629
      objectReference: {fileID: 0}
    - target: {fileID: 3569475516442482787, guid: ecdfeafcd625af941959048c9dfd1bed,
        type: 3}
      propertyPath: m_LocalRotation.x
      value: 0
      objectReference: {fileID: 0}
    - target: {fileID: 3569475516442482787, guid: ecdfeafcd625af941959048c9dfd1bed,
        type: 3}
      propertyPath: m_LocalRotation.y
      value: 0
      objectReference: {fileID: 0}
    - target: {fileID: 3569475516442482787, guid: ecdfeafcd625af941959048c9dfd1bed,
        type: 3}
      propertyPath: m_LocalRotation.z
      value: 0
      objectReference: {fileID: 0}
    - target: {fileID: 3569475516442482787, guid: ecdfeafcd625af941959048c9dfd1bed,
        type: 3}
      propertyPath: m_LocalRotation.w
      value: 1
      objectReference: {fileID: 0}
    - target: {fileID: 3569475516442482787, guid: ecdfeafcd625af941959048c9dfd1bed,
        type: 3}
      propertyPath: m_RootOrder
      value: 3
      objectReference: {fileID: 0}
    - target: {fileID: 3569475516442482787, guid: ecdfeafcd625af941959048c9dfd1bed,
        type: 3}
      propertyPath: m_LocalEulerAnglesHint.x
      value: 0
      objectReference: {fileID: 0}
    - target: {fileID: 3569475516442482787, guid: ecdfeafcd625af941959048c9dfd1bed,
        type: 3}
      propertyPath: m_LocalEulerAnglesHint.y
      value: 0
      objectReference: {fileID: 0}
    - target: {fileID: 3569475516442482787, guid: ecdfeafcd625af941959048c9dfd1bed,
        type: 3}
      propertyPath: m_LocalEulerAnglesHint.z
      value: 0
      objectReference: {fileID: 0}
    - target: {fileID: 3569475516442482787, guid: ecdfeafcd625af941959048c9dfd1bed,
        type: 3}
      propertyPath: m_LocalScale.x
      value: 1.5561364
      objectReference: {fileID: 0}
    - target: {fileID: 3569475516442482787, guid: ecdfeafcd625af941959048c9dfd1bed,
        type: 3}
      propertyPath: m_LocalScale.y
      value: 1.5561364
      objectReference: {fileID: 0}
    - target: {fileID: 3569475516442482787, guid: ecdfeafcd625af941959048c9dfd1bed,
        type: 3}
      propertyPath: m_LocalScale.z
      value: 1.5561364
      objectReference: {fileID: 0}
    m_RemovedComponents: []
  m_SourcePrefab: {fileID: 100100000, guid: ecdfeafcd625af941959048c9dfd1bed, type: 3}
--- !u!4 &1847714639663589024 stripped
Transform:
  m_CorrespondingSourceObject: {fileID: 3569475516442482787, guid: ecdfeafcd625af941959048c9dfd1bed,
    type: 3}
  m_PrefabInstance: {fileID: 2895029229243465411}
  m_PrefabAsset: {fileID: 0}
--- !u!1001 &3376553361973939266
PrefabInstance:
  m_ObjectHideFlags: 0
  serializedVersion: 2
  m_Modification:
    m_TransformParent: {fileID: 81961424187899407}
    m_Modifications:
    - target: {fileID: 5814771983812739405, guid: ecdfeafcd625af941959048c9dfd1bed,
        type: 3}
      propertyPath: m_Name
      value: BollKill (2)
      objectReference: {fileID: 0}
    - target: {fileID: 3569475516442482787, guid: ecdfeafcd625af941959048c9dfd1bed,
        type: 3}
      propertyPath: m_LocalPosition.x
      value: 0.17000008
      objectReference: {fileID: 0}
    - target: {fileID: 3569475516442482787, guid: ecdfeafcd625af941959048c9dfd1bed,
        type: 3}
      propertyPath: m_LocalPosition.y
      value: -1.0699999
      objectReference: {fileID: 0}
    - target: {fileID: 3569475516442482787, guid: ecdfeafcd625af941959048c9dfd1bed,
        type: 3}
      propertyPath: m_LocalPosition.z
      value: -3.967629
      objectReference: {fileID: 0}
    - target: {fileID: 3569475516442482787, guid: ecdfeafcd625af941959048c9dfd1bed,
        type: 3}
      propertyPath: m_LocalRotation.x
      value: 0
      objectReference: {fileID: 0}
    - target: {fileID: 3569475516442482787, guid: ecdfeafcd625af941959048c9dfd1bed,
        type: 3}
      propertyPath: m_LocalRotation.y
      value: 0
      objectReference: {fileID: 0}
    - target: {fileID: 3569475516442482787, guid: ecdfeafcd625af941959048c9dfd1bed,
        type: 3}
      propertyPath: m_LocalRotation.z
      value: 0
      objectReference: {fileID: 0}
    - target: {fileID: 3569475516442482787, guid: ecdfeafcd625af941959048c9dfd1bed,
        type: 3}
      propertyPath: m_LocalRotation.w
      value: 1
      objectReference: {fileID: 0}
    - target: {fileID: 3569475516442482787, guid: ecdfeafcd625af941959048c9dfd1bed,
        type: 3}
      propertyPath: m_RootOrder
      value: 4
      objectReference: {fileID: 0}
    - target: {fileID: 3569475516442482787, guid: ecdfeafcd625af941959048c9dfd1bed,
        type: 3}
      propertyPath: m_LocalEulerAnglesHint.x
      value: 0
      objectReference: {fileID: 0}
    - target: {fileID: 3569475516442482787, guid: ecdfeafcd625af941959048c9dfd1bed,
        type: 3}
      propertyPath: m_LocalEulerAnglesHint.y
      value: 0
      objectReference: {fileID: 0}
    - target: {fileID: 3569475516442482787, guid: ecdfeafcd625af941959048c9dfd1bed,
        type: 3}
      propertyPath: m_LocalEulerAnglesHint.z
      value: 0
      objectReference: {fileID: 0}
    - target: {fileID: 3569475516442482787, guid: ecdfeafcd625af941959048c9dfd1bed,
        type: 3}
      propertyPath: m_LocalScale.x
      value: 1.5561364
      objectReference: {fileID: 0}
    - target: {fileID: 3569475516442482787, guid: ecdfeafcd625af941959048c9dfd1bed,
        type: 3}
      propertyPath: m_LocalScale.y
      value: 1.5561364
      objectReference: {fileID: 0}
    - target: {fileID: 3569475516442482787, guid: ecdfeafcd625af941959048c9dfd1bed,
        type: 3}
      propertyPath: m_LocalScale.z
      value: 1.5561364
      objectReference: {fileID: 0}
    m_RemovedComponents: []
  m_SourcePrefab: {fileID: 100100000, guid: ecdfeafcd625af941959048c9dfd1bed, type: 3}
--- !u!4 &2257075779858437153 stripped
Transform:
  m_CorrespondingSourceObject: {fileID: 3569475516442482787, guid: ecdfeafcd625af941959048c9dfd1bed,
    type: 3}
  m_PrefabInstance: {fileID: 3376553361973939266}
  m_PrefabAsset: {fileID: 0}
--- !u!1001 &4053992550942553860
PrefabInstance:
  m_ObjectHideFlags: 0
  serializedVersion: 2
  m_Modification:
    m_TransformParent: {fileID: 81961424187899407}
    m_Modifications:
    - target: {fileID: 8746230322399513231, guid: 6603f21ef29f91141bcacf894b5d67e9,
        type: 3}
      propertyPath: m_Name
      value: Boll (1)
      objectReference: {fileID: 0}
    - target: {fileID: 2926459874845401492, guid: 6603f21ef29f91141bcacf894b5d67e9,
        type: 3}
      propertyPath: m_LocalPosition.x
      value: 1.67
      objectReference: {fileID: 0}
    - target: {fileID: 2926459874845401492, guid: 6603f21ef29f91141bcacf894b5d67e9,
        type: 3}
      propertyPath: m_LocalPosition.y
      value: 0.43
      objectReference: {fileID: 0}
    - target: {fileID: 2926459874845401492, guid: 6603f21ef29f91141bcacf894b5d67e9,
        type: 3}
      propertyPath: m_LocalPosition.z
      value: -0.06589637
      objectReference: {fileID: 0}
    - target: {fileID: 2926459874845401492, guid: 6603f21ef29f91141bcacf894b5d67e9,
        type: 3}
      propertyPath: m_LocalRotation.x
      value: -0
      objectReference: {fileID: 0}
    - target: {fileID: 2926459874845401492, guid: 6603f21ef29f91141bcacf894b5d67e9,
        type: 3}
      propertyPath: m_LocalRotation.y
      value: -0
      objectReference: {fileID: 0}
    - target: {fileID: 2926459874845401492, guid: 6603f21ef29f91141bcacf894b5d67e9,
        type: 3}
      propertyPath: m_LocalRotation.z
      value: -0
      objectReference: {fileID: 0}
    - target: {fileID: 2926459874845401492, guid: 6603f21ef29f91141bcacf894b5d67e9,
        type: 3}
      propertyPath: m_LocalRotation.w
      value: 1
      objectReference: {fileID: 0}
    - target: {fileID: 2926459874845401492, guid: 6603f21ef29f91141bcacf894b5d67e9,
        type: 3}
      propertyPath: m_RootOrder
      value: 1
      objectReference: {fileID: 0}
    - target: {fileID: 2926459874845401492, guid: 6603f21ef29f91141bcacf894b5d67e9,
        type: 3}
      propertyPath: m_LocalEulerAnglesHint.x
      value: 0
      objectReference: {fileID: 0}
    - target: {fileID: 2926459874845401492, guid: 6603f21ef29f91141bcacf894b5d67e9,
        type: 3}
      propertyPath: m_LocalEulerAnglesHint.y
      value: 0
      objectReference: {fileID: 0}
    - target: {fileID: 2926459874845401492, guid: 6603f21ef29f91141bcacf894b5d67e9,
        type: 3}
      propertyPath: m_LocalEulerAnglesHint.z
      value: 0
      objectReference: {fileID: 0}
    - target: {fileID: 2926459874845401492, guid: 6603f21ef29f91141bcacf894b5d67e9,
        type: 3}
      propertyPath: m_LocalScale.x
      value: 1.5561364
      objectReference: {fileID: 0}
    - target: {fileID: 2926459874845401492, guid: 6603f21ef29f91141bcacf894b5d67e9,
        type: 3}
      propertyPath: m_LocalScale.y
      value: 1.5561364
      objectReference: {fileID: 0}
    - target: {fileID: 2926459874845401492, guid: 6603f21ef29f91141bcacf894b5d67e9,
        type: 3}
      propertyPath: m_LocalScale.z
      value: 1.5561364
      objectReference: {fileID: 0}
    m_RemovedComponents: []
  m_SourcePrefab: {fileID: 100100000, guid: 6603f21ef29f91141bcacf894b5d67e9, type: 3}
--- !u!1 &4693444176264379787 stripped
GameObject:
  m_CorrespondingSourceObject: {fileID: 8746230322399513231, guid: 6603f21ef29f91141bcacf894b5d67e9,
    type: 3}
  m_PrefabInstance: {fileID: 4053992550942553860}
  m_PrefabAsset: {fileID: 0}
--- !u!4 &1215535939952744080 stripped
Transform:
  m_CorrespondingSourceObject: {fileID: 2926459874845401492, guid: 6603f21ef29f91141bcacf894b5d67e9,
    type: 3}
  m_PrefabInstance: {fileID: 4053992550942553860}
  m_PrefabAsset: {fileID: 0}
--- !u!1001 &6661941432281900214
PrefabInstance:
  m_ObjectHideFlags: 0
  serializedVersion: 2
  m_Modification:
    m_TransformParent: {fileID: 81961424187899407}
    m_Modifications:
    - target: {fileID: 8746230322399513231, guid: 6603f21ef29f91141bcacf894b5d67e9,
        type: 3}
      propertyPath: m_Name
      value: Boll
      objectReference: {fileID: 0}
    - target: {fileID: 2926459874845401492, guid: 6603f21ef29f91141bcacf894b5d67e9,
        type: 3}
      propertyPath: m_LocalPosition.x
      value: -1.3299999
      objectReference: {fileID: 0}
    - target: {fileID: 2926459874845401492, guid: 6603f21ef29f91141bcacf894b5d67e9,
        type: 3}
      propertyPath: m_LocalPosition.y
      value: 0.43
      objectReference: {fileID: 0}
    - target: {fileID: 2926459874845401492, guid: 6603f21ef29f91141bcacf894b5d67e9,
        type: 3}
      propertyPath: m_LocalPosition.z
      value: -0.06589637
      objectReference: {fileID: 0}
    - target: {fileID: 2926459874845401492, guid: 6603f21ef29f91141bcacf894b5d67e9,
        type: 3}
      propertyPath: m_LocalRotation.x
      value: -0
      objectReference: {fileID: 0}
    - target: {fileID: 2926459874845401492, guid: 6603f21ef29f91141bcacf894b5d67e9,
        type: 3}
      propertyPath: m_LocalRotation.y
      value: -0
      objectReference: {fileID: 0}
    - target: {fileID: 2926459874845401492, guid: 6603f21ef29f91141bcacf894b5d67e9,
        type: 3}
      propertyPath: m_LocalRotation.z
      value: -0
      objectReference: {fileID: 0}
    - target: {fileID: 2926459874845401492, guid: 6603f21ef29f91141bcacf894b5d67e9,
        type: 3}
      propertyPath: m_LocalRotation.w
      value: 1
      objectReference: {fileID: 0}
    - target: {fileID: 2926459874845401492, guid: 6603f21ef29f91141bcacf894b5d67e9,
        type: 3}
      propertyPath: m_RootOrder
      value: 0
      objectReference: {fileID: 0}
    - target: {fileID: 2926459874845401492, guid: 6603f21ef29f91141bcacf894b5d67e9,
        type: 3}
      propertyPath: m_LocalEulerAnglesHint.x
      value: 0
      objectReference: {fileID: 0}
    - target: {fileID: 2926459874845401492, guid: 6603f21ef29f91141bcacf894b5d67e9,
        type: 3}
      propertyPath: m_LocalEulerAnglesHint.y
      value: 0
      objectReference: {fileID: 0}
    - target: {fileID: 2926459874845401492, guid: 6603f21ef29f91141bcacf894b5d67e9,
        type: 3}
      propertyPath: m_LocalEulerAnglesHint.z
      value: 0
      objectReference: {fileID: 0}
    - target: {fileID: 2926459874845401492, guid: 6603f21ef29f91141bcacf894b5d67e9,
        type: 3}
      propertyPath: m_LocalScale.x
      value: 1.5561364
      objectReference: {fileID: 0}
    - target: {fileID: 2926459874845401492, guid: 6603f21ef29f91141bcacf894b5d67e9,
        type: 3}
      propertyPath: m_LocalScale.y
      value: 1.5561364
      objectReference: {fileID: 0}
    - target: {fileID: 2926459874845401492, guid: 6603f21ef29f91141bcacf894b5d67e9,
        type: 3}
      propertyPath: m_LocalScale.z
      value: 1.5561364
      objectReference: {fileID: 0}
    m_RemovedComponents: []
  m_SourcePrefab: {fileID: 100100000, guid: 6603f21ef29f91141bcacf894b5d67e9, type: 3}
--- !u!1 &2671516714507775545 stripped
GameObject:
  m_CorrespondingSourceObject: {fileID: 8746230322399513231, guid: 6603f21ef29f91141bcacf894b5d67e9,
    type: 3}
  m_PrefabInstance: {fileID: 6661941432281900214}
  m_PrefabAsset: {fileID: 0}
--- !u!4 &8425997064164771106 stripped
Transform:
  m_CorrespondingSourceObject: {fileID: 2926459874845401492, guid: 6603f21ef29f91141bcacf894b5d67e9,
    type: 3}
  m_PrefabInstance: {fileID: 6661941432281900214}
  m_PrefabAsset: {fileID: 0}
